 Dungeon Crawl Stone Soup version 0.20.0-8-g6b59dc7 (webtiles) character file.

2347 Beldrama the Grappler (level 9, -6/83 HPs)
             Began as a Troll Monk on June 1, 2017.
             Killed from afar by an electric eel (10 damage)
             ... with a bolt of electricity
             ... on level 7 of the Dungeon.
             The game lasted 00:26:51 (5555 turns).

Beldrama the Grappler (Troll Monk)                  Turns: 5555, Time: 00:26:54

Health: -6/83      AC:  6    Str: 28    XL:     9   Next: 20%
Magic:  17/17      EV: 11    Int:  6    God:
Gold:   355        SH:  0    Dex: 12    Spells: 8/8 levels left

rFire    . . .     SeeInvis .     - Unarmed
rCold    . . .     Gourm    +   (no shield)
rNeg     . . .     Faith    .   i - +1 robe {Archmagi}
rPois    +         Spirit   .   k - +0 hat
rElec    .         Reflect  .   (no cloak)
rCorr    .         Harm     .   (gloves unavailable)
MR       .....                  (boots unavailable)
Stlth    +++.......             (no amulet)
Regen    0.7/turn               n - ring "Qecoxe" {rPois MP+9 Stlth+}
MPRegen  0.2/turn               m - +4 ring of strength

@: no status effects
A: unfitting armour, claws 3, blurry vision 1, fast metabolism 3, gourmand,
regeneration 1, shaggy fur 1, tough skin 2
a: no special abilities


You were on level 7 of the Dungeon.
You were completely stuffed.

You visited 1 branch of the dungeon, and saw 7 of its levels.

You collected 355 gold pieces.

Inventory:

Armour
 i - a +1 robe of the Archmagi (worn)
 k - a +0 hat (worn)
Jewellery
 m - a +4 ring of strength (right claw)
 n - the ring "Qecoxe" (left claw) {rPois MP+9 Stlth+}
   (You acquired it on level 6 of the Dungeon)

   [ring of magical power]

   It protects you from poison.
   It affects your magic capacity (+9).
   It makes you more stealthy.
Scrolls
 c - 2 scrolls of remove curse
 e - 2 scrolls of teleportation
 f - 6 scrolls of identify
 h - a scroll of enchant weapon
 j - a scroll of fog
Potions
 a - a potion of magic
 g - a potion of curing
Comestibles
 b - 6 bread rations
 d - 4 chunks of flesh
 o - a royal jelly


   Skills:
 + Level 3.4 Fighting
 + Level 4.2 Dodging
 - Level 1.0 Stealth
 * Level 11.4 Unarmed Combat


You had 8 spell levels left.
You didn't know any spells.

Dungeon Overview and Level Annotations

Branches:
Dungeon (7/15)
 Temple: D:4-7

Altars:
Ashenzari
Hepliaklqana
Makhleb


Innate Abilities, Weirdness & Mutations

You are too large for most types of armour.
You have claws for hands.
Your metabolism is lightning-fast.
You like to eat raw meat.
Your natural rate of healing is unusually fast.
You are covered in fur. (AC +1)
You have very tough skin. (AC +2)
Scrolls take you a little longer to read.


Message History

The electric eel shoots out a bolt of lightning at you!
The bolt of electricity hits you!
The electric eel shoots out a bolt of lightning at you!
The bolt of electricity hits you! x2
The bolt of electricity misses the electric eel.
There is a large open door here.
You miss the electric eel. You barely miss the electric eel.
The electric eel shoots out a bolt of lightning at you!
The bolt of electricity hits you! x2
* * * LOW HITPOINT WARNING * * *
The bolt of electricity hits the electric eel.
The electric eel completely resists.
You claw the electric eel! Your claw misses the electric eel.
The electric eel is almost dead.
The electric eel shoots out a bolt of lightning at you!
The bolt of electricity hits you!
* * * LOW HITPOINT WARNING * * *
The bolt of electricity hits you!
You die...

▒∙▒▒▒∙▒▒▒∙∙∙∙∙∙∙∙▒▒▒▒≈≈≈≈
▒ ▒∙▒ ▒∙▒∙∙<∙∙∙∙∙∙∙▒
▒≈≈≈≈≈ ▒∙▒
▒∙▒∙▒∙∙∙∙∙∙∙∙▒▒≈≈≈≈≈≈ ▒∙▒
▒∙▒∙▒∙∙∙)∙∙∙▒▒≈≈≈≈≈≈≈ ▒∙▒
▒∙▒∙▒∙∙∙▒∙∙∙▒≈≈≈≈≈≈≈≈ ▒∙▒
▒∙▒∙∙∙∙∙∙∙▒)▒≈≈≈≈≈≈≈≈ ▒∙▒
▒∙▒▒▒∙▒∙▒▒▒%▒≈≈≈≈≈≈≈♣ ▒∙▒
▒∙∙∙∙∙∙∙∙∙∙∙'∙∙∙∙∙∙∙∙
▒∙▒▒▒▒▒▒▒▒▒∙▒▒▒∙@∙∙∙∙∙∙∙∙
∙∙∙∙∙∙∙∙∙∙∙∙∙∙▒▒▒;≈≈≈≈≈≈♣
▒∙▒∙∙∙∙∙▒▒▒∙▒∙▒ ▒≈≈≈≈≈≈≈≈
∙∙∙∙∙∙∙∙∙∙∙∙▒∙▒ ▒≈≈≈≈≈≈≈≈
▒∙▒∙∙∙∙∙∙▒∙▒▒∙▒▒▒▒≈≈≈≈≈≈≈
▒∙▒∙∙∙∙∙∙▒∙∙∙∙∙∙∙▒▒≈≈≈≈≈≈
▒∙▒∙∙∙∙∙>▒∙∙∙∙∙▒∙▒▒▒≈≈≈≈≈
▒∙▒∙∙∙∙∙∙▒∙∙∙∙∙∙∙∙∙▒▒≈≈≈
▒∙▒∙∙∙∙∙∙▒∙∙∙>∙∙∙∙∙▒


You could see an electric eel.

Vanquished Creatures
  An unseen horror (D:7)
  A yak (D:7)
  An orc warrior (D:7)
  A phantom (D:6)
  4 ogres
  A centaur (D:7)
  2 scorpions (D:7)
  4 wights (D:6)
  An electric eel (D:7)
  2 crimson imps
  A bullfrog zombie (D:5)
  3 hounds
  A jelly (D:3)
  An orc priest (D:6)
  A bullfrog skeleton (D:4)
  2 orc wizards
  3 iron imps (D:4)
  An iguana (D:4)
  6 worker ants
  A hound skeleton (D:6)
  8 adders
  A shadow imp (D:5)
  An ooze (D:3)
  2 adder skeletons
  3 worms
  2 dart slugs
  3 leopard geckos
  12 orcs
  6 bats
  4 giant cockroaches
  5 goblins
  9 hobgoblins
  13 jackals
  2 quokkas
  A ball python (D:2)
  5 frilled lizards
  10 kobolds
  6 rats
131 creatures vanquished.

Vanquished Creatures (others)
  An orc (D:7)
1 creature vanquished.

Grand Total: 132 creatures vanquished

Notes
Turn   | Place    | Note
-------+----------+-------------------------------------------
     0 | D:1      | Beldrama the Troll Monk began the quest for the Orb.
     0 | D:1      | Reached XP level 1. HP: 22/22 MP: 0/0
   196 | D:1      | Reached XP level 2. HP: 28/29 MP: 1/1
   718 | D:2      | Reached XP level 3. HP: 24/36 MP: 2/2
  1048 | D:2      | Reached skill level 4 in Unarmed Combat
  1068 | D:2      | Reached XP level 4. HP: 40/44 MP: 3/3
  1790 | D:3      | Found a faded altar of an unknown god.
  1851 | D:3      | Reached skill level 5 in Unarmed Combat
  1863 | D:3      | Reached XP level 5. HP: 50/50 MP: 4/4
  2416 | D:4      | Found a hazy altar of Hepliaklqana.
  2512 | D:4      | Noticed an ogre
  2527 | D:4      | Killed an ogre
  2527 | D:4      | Reached skill level 6 in Unarmed Combat
  2527 | D:4      | Reached XP level 6. HP: 35/59 MP: 5/5
  2675 | D:4      | Found a burning altar of Makhleb.
  2835 | D:4      | Reached skill level 7 in Unarmed Combat
  3226 | D:5      | Entered Level 5 of the Dungeon
  3234 | D:5      | Reached XP level 7. HP: 57/66 MP: 6/6
  3894 | D:6      | Reached skill level 8 in Unarmed Combat
  4263 | D:6      | Reached skill level 9 in Unarmed Combat
  4263 | D:6      | Reached XP level 8. HP: 34/75 MP: 7/7
  4414 | D:6      | Identified 3 scrolls of acquirement
  4415 | D:6      | Got a scintillating steel ring
  4416 | D:6      | Identified the ring "Qecoxe" {rPois MP+9 Stlth+} (You acquired it on level 6 of the Dungeon)
  4421 | D:6      | Got a shimmering large shield
  4427 | D:6      | Identified the +0 large shield "Urir" {*Contam rElec rPois Str-5} (You acquired it on level 6 of the Dungeon)
  4434 | D:6      | Gained mutation: Scrolls take you a little longer to read. [mutagenic glow]
  4507 | D:6      | Found a shattered altar of Ashenzari.
  5097 | D:7      | Reached skill level 10 in Unarmed Combat
  5470 | D:7      | Killed an unseen horror
  5470 | D:7      | Reached skill level 11 in Unarmed Combat
  5470 | D:7      | Reached XP level 9. HP: 52/83 MP: 8/8
  5555 | D:7      | HP: 4/83 [electric eel/bolt of electricity (10)]
  5555 | D:7      | Killed from afar by an electric eel

Skill      XL: |  1  2  3  4  5  6  7  8 |
---------------+-------------------------+-----
Dodging        | 3 4 |  4.2
Unarmed Combat | 4 5 6 7 9 11 | 11.4
Fighting       | 3 |  3.4
Stealth        | |  1.0

Action                   |  1- 3 |  4- 6 |  7- 9 || total
-------------------------+-------+-------+-------++-------
Melee: Unarmed           |    82 |   154 |   184 ||   420
       Punch             |     2 |     1 |     9 ||    12
  Use: Potion            |     5 |     4 |     4 ||    13
       Scroll            |     4 |     5 |     6 ||    15
 Stab: Sleeping          |     5 |     3 |     3 ||    11
  Eat: Chunk             |    15 |    17 |    24 ||    56
Armor: Robe              |    30 |    37 |    36 ||   103
Dodge: Dodged            |    35 |    67 |    65 ||   167
